WCHLSIM.com - West Coast Hockey League
html PUBLIC "-//W3C//DTD XHTML 1.0 Transitional//EN" "http://www.w3.org/TR/xhtml1/DTD/xhtml1-transitional.dtd"> WCHL - Game 709 - EDMONTON ICE vs BOISE CARIBOUS

EDMONTON ICE vs BOISE CARIBOUS

Created - 26 février 2021 at 21:40

Goals
1 2 3 T
EDMONTON ICE 1 1 1 3
BOISE CARIBOUS 0 1 0 1
Shots
1 2 3 T
EDMONTON ICE 7 8 13 28
BOISE CARIBOUS 9 9 6 24

1st period

1. EDMONTON ICE , Ryan O'Reilly 21 (Patric Hornqvist 25, Anthony Mantha 29) at 3:23

Penalties :
Radek Faksa (BOI) for High sticking (Minor) at 4:21, Brendan Smith (BOI) for Tripping (Minor) at 8:16, Timo Meier (EDM) for Hooking (Minor) at 11:17, Brendan Smith (BOI) for Fighting (Major) at 19:42, Vincent Trocheck (EDM) for Fighting (Major) at 19:42

2nd period

2. BOISE CARIBOUS , Dominik Kubalik 14 (Rasmus Andersson 11, Tom Wilson 20) at 15:14
3. EDMONTON ICE , Timo Meier 22 (Ryan Graves 17, Vincent Trocheck 27) at 17:47

Penalties :
Phil Kessel (EDM) for Tripping (Minor) at 3:08, Ivan Barbashev (BOI) for Hooking (Minor) at 18:21

3rd period

4. EDMONTON ICE , Boone Jenner 6 (Ondrej Kase 14, Mikko Koivu 10) at 13:43

Penalties :
No Penalty

Goalie Stats

Philipp Grubauer (EDM), 23 saves from 24 shots - (0,958), W, 23-8-3, 60:00 minutes
Andrew Hammond (BOI), 25 saves from 28 shots - (0,893), L, 0-3-0, 60:00 minutes

Players Stats for EDMONTON ICE

Player Name              G  A  P  +/- PIM S  H  SB GA TA FO     MP     PP MP  PK MP  
------------------------------------------------------------------------------------
Anthony Bitetto          0  0  0   0  0   0  4  1  0  0  0/0    14:14   0:00   2:00 
Anthony Mantha           0  1  1   0  0   1  1  0  0  0  1/5    22:15   3:53   0:00 
Boone Jenner             1  0  1   1  0   4  1  1  0  0  2/5    15:52   0:00   2:57 
Brendan Perlini          0  0  0   0  0   0  0  0  0  0  0/0     0:00   0:00   0:00 
Colton Parayko           0  0  0   0  0   1  0  6  0  0  0/0    24:44   3:12   1:58 
Jack Johnson             0  0  0   0  0   0  0  1  0  0  0/0    15:12   0:00   2:00 
Jeff Petry               0  0  0   0  0   0  2  0  0  0  0/0    22:46   3:12   0:00 
Joel Eriksson Ek         0  0  0   0  0   0  0  0  0  0  7/9     6:05   2:04   0:00 
Mathieu Perreault        0  0  0   0  0   0  0  0  0  0  0/0     3:25   0:00   1:01 
Mikko Koivu              0  1  1   1  0   0  0  0  0  0  10/14  13:56   0:00   1:01 
Ondrej Kase              0  1  1   1  0   3  0  0  0  0  1/2    15:52   0:00   2:57 
Patric Hornqvist         0  1  1   0  0   1  6  0  0  0  1/1    22:15   3:53   0:00 
Phil Kessel              0  0  0   1  2   0  0  0  0  0  0/0    18:27   2:04   0:00 
Ryan Graves              0  1  1   2  0   0  0  1  0  0  0/0    20:15   0:00   1:58 
Ryan O'Reilly            1  0  1   0  0   10 0  0  0  0  13/27  22:15   3:53   0:00 
Shea Theodore            0  0  0   2  0   0  1  0  0  0  0/0    20:04   2:45   0:00 
Timo Meier               1  0  1   1  2   6  1  0  0  0  1/3    21:32   2:45   0:00 
Vincent Trocheck         0  1  1   1  5   2  1  0  0  0  11/17  16:50   2:04   0:00 

Players Stats for BOISE CARIBOUS

Player Name              G  A  P  +/- PIM S  H  SB GA TA FO     MP     PP MP  PK MP  
------------------------------------------------------------------------------------
Andre Burakovsky         0  0  0  -1  0   1  0  0  0  0  0/0    16:16   2:01   0:00 
Brendan Smith            0  0  0   0  7   0  3  1  0  0  0/0    14:04   0:00   1:25 
Carl Soderberg           0  0  0   1  0   3  0  0  0  0  12/20  18:09   2:01   0:00 
Dominik Kubalik          1  0  1   1  0   2  1  0  0  0  0/2    18:09   2:01   0:00 
Ethan Prow               0  0  0   0  0   0  3  0  0  0  0/0    19:52   1:57   1:10 
Greg Pateryn             0  0  0  -1  0   0  2  0  0  0  0/0    18:56   0:00   3:22 
Ivan Barbashev           0  0  0  -1  2   1  3  0  0  0  0/2    16:11   1:57   0:00 
John Klingberg           0  0  0  -2  0   2  1  1  0  0  0/0    22:22   2:01   0:00 
Lawson Crouse            0  0  0  -1  0   1  0  0  0  0  0/2    14:47   1:57   0:00 
Mario Kempe              0  0  0  -1  0   0  0  0  0  0  0/0     6:52   0:00   0:00 
Matt Bartkowski          0  0  0  -1  0   0  2  0  0  0  0/0    21:34   0:00   3:06 
Oskar Sundqvist          0  0  0  -1  0   3  0  0  0  0  0/0    18:36   1:57   3:49 
Radek Faksa              0  0  0  -1  2   0  1  0  0  0  12/26  18:43   1:57   2:32 
Rasmus Andersson         0  1  1   0  0   1  3  1  0  0  0/0    19:12   0:00   2:51 
T.J. Tynan               0  0  0  -1  0   1  0  0  0  0  0/1     6:52   0:00   0:00 
Theodor Blueger          0  0  0  -1  0   3  0  0  0  0  7/20   15:40   0:00   2:50 
Tom Wilson               0  1  1   1  0   3  4  1  0  0  0/1    20:17   2:01   2:08 
Zack Smith               0  0  0  -1  0   3  0  0  0  0  5/9     7:27   0:00   0:35 

3 Stars

1 - Boone Jenner (EDM)
2 - Patric Hornqvist (EDM)
3 - Philipp Grubauer (EDM)

Power Play

EDMONTON ICE - 0 on 3 Attempt(s) - 0,00%
BOISE CARIBOUS - 0 on 2 Attempt(s) - 0,00%

Penalty Kill

EDMONTON ICE - 2 on 2 Attempt(s) - 100,00% - Score 0 goal in Penalty Kill
BOISE CARIBOUS - 3 on 3 Attempt(s) - 100,00% - Score 0 goal in Penalty Kill

Team Stat

EDMONTON ICE - Hits : 17 - Faceoff Wins : 47 - Blocked Shots : 10 - Penalty Minutes : 9
BOISE CARIBOUS - Hits : 23 - Faceoff Wins : 36 - Blocked Shots : 4 - Penalty Minutes : 11

Official

Referees : Pierre Lambert and Brian Pochmara
Linesman : Ryan Galloway and Tyson Baker

Game Notes

Brendan Smith beats up Vincent Trocheck at 19:42 of 1st period

Finance

Level 1 -- Attendance: 6000 (100,00%) -- Ticket Income 876 000 $
Level 2 -- Attendance: 5000 (100,00%) -- Ticket Income 525 000 $
Level 3 -- Attendance: 1732 (86,60%) -- Ticket Income 173 200 $
Level 4 -- Attendance: 2661 (66,53%) -- Ticket Income 231 507 $
Luxury Box -- Attendance: 1000 (100,00%) -- Ticket Income 287 000 $
Total Attendance: 16393 (91,07%)
Total Ticket Income: 2 092 707 $
Other Expense: 20 927 $
Total Income: 2 071 780 $

EDMONTON ICE

5 vs 5 Forward 
   Center                   Left Wing                Right Wing               Time % Phy DF OF 
 1 Ryan O'Reilly            Anthony Mantha           Patric Hornqvist         37     1   1  3  
 2 Vincent Trocheck         Timo Meier               Phil Kessel              34     1   1  3  
 3 Mikko Koivu              Boone Jenner             Ondrej Kase              23     1   2  2  
 4 Joel Eriksson Ek         Mathieu Perreault        Timo Meier               6      1   3  1  

5 vs 5 Defense 
   Defense                  Defense                                           Time % Phy DF OF 
 1 Colton Parayko           Jeff Petry                                        37     1   2  2  
 2 Shea Theodore            Ryan Graves                                       33     1   2  2  
 3 Jack Johnson             Anthony Bitetto                                   23     1   3  1  
 4 Jack Johnson             Ryan Graves                                       7      1   3  1  

PowerPlay Forward 
   Center                   Left Wing                Right Wing               Time % Phy DF OF 
 1 Ryan O'Reilly            Anthony Mantha           Patric Hornqvist         56     0   1  4  
 2 Vincent Trocheck         Joel Eriksson Ek         Phil Kessel              44     0   1  4  

PowerPlay Defense
   Defense                  Defense                                           Time % Phy DF OF 
 1 Timo Meier               Shea Theodore                                     56     0   1  4  
 2 Jeff Petry               Colton Parayko                                    44     0   1  4  

Penalty Kill 4 Players Forward 
   Center                   Wing                     Time % Phy DF OF 
 1 Boone Jenner             Ondrej Kase              57     1   3  1  
 2 Mikko Koivu              Mathieu Perreault        43     1   3  1  

Penalty Kill 4 Players Defense
   Defense                  Defense                  Time % Phy DF OF 
 1 Colton Parayko           Ryan Graves              57     0   4  1  
 2 Jack Johnson             Anthony Bitetto          43     0   4  1  

Penalty Kill - 3 Players Forward 
   Forward                                           Time % Phy DF OF 
 1 Boone Jenner                                      55     0   4  1  
 2 Mikko Koivu                                       45     0   4  1  

Penalty Kill - 3 Players Defense
   Defense                  Defense                  Time % Phy DF OF 
 1 Colton Parayko           Ryan Graves              55     0   4  1  
 2 Jack Johnson             Jeff Petry               45     0   4  1  

4 vs 4 Forward 
   Center                   Wing                     Time % Phy DF OF 
 1 Ryan O'Reilly            Timo Meier               55     1   2  2  
 2 Mikko Koivu              Joel Eriksson Ek         45     1   2  2  

4 vs 4 Defense
   Defense                  Defense                  Time % Phy DF OF 
 1 Jeff Petry               Colton Parayko           55     1   2  2  
 2 Jack Johnson             Ryan Graves              45     1   2  2  

Last Minutes Offensive
   Center                   Left Wing                Right Wing               Defense                  Defense                  
   Ryan O'Reilly            Timo Meier               Anthony Mantha           Jeff Petry               Shea Theodore            

Last Minutes Defensive
   Center                   Left Wing                Right Wing               Defense                  Defense                  
   Boone Jenner             Ondrej Kase              Timo Meier               Ryan Graves              Colton Parayko           

Goaltenders
Starting : Philipp Grubauer         
Backup : Jack Campbell            

Extra Forwards
Normal : Timo Meier, Joel Eriksson Ek, Ondrej Kase - PP : Phil Kessel, Ondrej Kase - PK : Joel Eriksson Ek
Extra Defensemen
Normal : Shea Theodore, Colton Parayko, Jeff Petry - PP : Jack Johnson - PK : Shea Theodore, Ryan Graves
Penalty Shots
Ryan O'Reilly, Anthony Mantha, Timo Meier, Vincent Trocheck, Patric Hornqvist
Custom OT Lines Forwards
Ryan O'Reilly, Anthony Mantha, Vincent Trocheck, Timo Meier, Patric Hornqvist, Phil Kessel, Joel Eriksson Ek, Ondrej Kase, Mikko Koivu, Boone Jenner
Custom OT Lines Defensemen
Jeff Petry, Ryan Graves, Colton Parayko, Shea Theodore, Jack Johnson

Scratches
Calvin De Haan (Upper Body Injury)

BOISE CARIBOUS

5 vs 5 Forward 
   Center                   Left Wing                Right Wing               Time % Phy DF OF 
 1 Carl Soderberg           Dominik Kubalik          Tom Wilson               31     0   2  3  
 2 Radek Faksa              Ivan Barbashev           Andre Burakovsky         30     0   2  3  
 3 Theodor Blueger          Lawson Crouse            Oskar Sundqvist          25     0   3  2  
 4 Zack Smith               Mario Kempe              T.J. Tynan               14     0   5  0  

5 vs 5 Defense 
   Defense                  Defense                                           Time % Phy DF OF 
 1 Matt Bartkowski          John Klingberg                                    36     1   2  2  
 2 Ethan Prow               Rasmus Andersson                                  33     1   2  2  
 3 Brendan Smith            Greg Pateryn                                      27     1   3  1  
 4 John Klingberg           Greg Pateryn                                      4      0   3  2  

PowerPlay Forward 
   Center                   Left Wing                Right Wing               Time % Phy DF OF 
 1 Carl Soderberg           Andre Burakovsky         Tom Wilson               55     0   1  4  
 2 Radek Faksa              Lawson Crouse            Ivan Barbashev           45     0   2  3  

PowerPlay Defense
   Defense                  Defense                                           Time % Phy DF OF 
 1 John Klingberg           Dominik Kubalik                                   55     0   1  4  
 2 Ethan Prow               Oskar Sundqvist                                   45     0   2  3  

Penalty Kill 4 Players Forward 
   Center                   Wing                     Time % Phy DF OF 
 1 Radek Faksa              Oskar Sundqvist          55     0   5  0  
 2 Theodor Blueger          Tom Wilson               45     0   5  0  

Penalty Kill 4 Players Defense
   Defense                  Defense                  Time % Phy DF OF 
 1 Rasmus Andersson         Brendan Smith            55     0   5  0  
 2 Greg Pateryn             Matt Bartkowski          45     0   5  0  

Penalty Kill - 3 Players Forward 
   Forward                                           Time % Phy DF OF 
 1 Theodor Blueger                                   55     1   4  0  
 2 Radek Faksa                                       45     1   4  0  

Penalty Kill - 3 Players Defense
   Defense                  Defense                  Time % Phy DF OF 
 1 Greg Pateryn             Matt Bartkowski          55     1   4  0  
 2 Matt Bartkowski          Rasmus Andersson         45     1   4  0  

4 vs 4 Forward 
   Center                   Wing                     Time % Phy DF OF 
 1 Ivan Barbashev           Dominik Kubalik          55     1   2  2  
 2 Radek Faksa              Andre Burakovsky         45     1   2  2  

4 vs 4 Defense
   Defense                  Defense                  Time % Phy DF OF 
 1 Greg Pateryn             Matt Bartkowski          55     1   2  2  
 2 John Klingberg           Oskar Sundqvist          45     1   2  2  

Last Minutes Offensive
   Center                   Left Wing                Right Wing               Defense                  Defense                  
   Radek Faksa              Andre Burakovsky         Tom Wilson               John Klingberg           Rasmus Andersson         

Last Minutes Defensive
   Center                   Left Wing                Right Wing               Defense                  Defense                  
   Radek Faksa              Zack Smith               Tom Wilson               Greg Pateryn             Rasmus Andersson         

Goaltenders
Starting : Andrew Hammond           
Backup : Alexandar Georgiev       

Extra Forwards
Normal : Lawson Crouse, Oskar Sundqvist, Ivan Barbashev - PP : Radek Faksa, Lawson Crouse - PK : Zack Smith
Extra Defensemen
Normal : Matt Bartkowski, Rasmus Andersson, Greg Pateryn - PP : Rasmus Andersson - PK : Brendan Smith, Greg Pateryn
Penalty Shots
Andre Burakovsky, Ivan Barbashev, Dominik Kubalik, Tom Wilson, Mario Kempe
Custom OT Lines Forwards
Tom Wilson, Theodor Blueger, Radek Faksa, Andre Burakovsky, Dominik Kubalik, Mario Kempe, Oskar Sundqvist, Lawson Crouse, Ivan Barbashev, Zack Smith
Custom OT Lines Defensemen
Rasmus Andersson, John Klingberg, Matt Bartkowski, Ethan Prow, Greg Pateryn

Scratches
Patrick Marleau (Healthy), Kyle Turris (Bruised Left Arm Injury), Jordan Weal (Healthy), Jake Allen (Healthy)

% Time on Ice - EDMONTON ICE

Lines # - Real PCT - Wanted PCT - Time Play
Normal Forward
1 - 37% - 37% - 18:22
2 - 33% - 34% - 16:24
3 - 26% - 23% - 12:55
4 - 5% - 6% - 2:24
Normal Defense
1 - 39% - 37% - 19:34
2 - 35% - 33% - 17:19
3 - 24% - 23% - 12:14
4 - 2% - 7% - 0:58
PP Forward
1 - 65% - 56% - 3:53
2 - 35% - 44% - 2:04
PP Defense
1 - 46% - 56% - 2:45
2 - 54% - 44% - 3:12
PK Forward
1 - 74% - 57% - 2:57
2 - 26% - 43% - 1:01
PK Defense
1 - 50% - 57% - 1:58
2 - 50% - 43% - 2:00
PK3 Forward
1 - 0% - 55%
2 - 0% - 45%
PK3 Defense
1 - 0% - 55%
2 - 0% - 45%
44 Forward
1 - 0% - 55%
2 - 0% - 45%
44 Defense
1 - 0% - 55%
2 - 0% - 45%
Last Minute Offensive  - 0:00
Last Minute Defensive  - 0:00
Total
Forward - 60:00
Defense - 60:00

% Time on Ice - BOISE CARIBOUS

Lines # - Real PCT - Wanted PCT - Time Play
Normal Forward
1 - 32% - 31% - 16:08
2 - 28% - 30% - 14:15
3 - 26% - 25% - 12:50
4 - 14% - 14% - 6:52
Normal Defense
1 - 36% - 36% - 18:10
2 - 33% - 33% - 16:21
3 - 27% - 27% - 13:26
4 - 4% - 4% - 2:08
PP Forward
1 - 51% - 55% - 2:01
2 - 49% - 45% - 1:57
PP Defense
1 - 51% - 55% - 2:01
2 - 49% - 45% - 1:57
PK Forward
1 - 64% - 55% - 3:49
2 - 36% - 45% - 2:08
PK Defense
1 - 48% - 55% - 2:51
2 - 52% - 45% - 3:06
PK3 Forward
1 - 0% - 55%
2 - 0% - 45%
PK3 Defense
1 - 0% - 55%
2 - 0% - 45%
44 Forward
1 - 0% - 55%
2 - 0% - 45%
44 Defense
1 - 0% - 55%
2 - 0% - 45%
Last Minute Offensive  - 0:00
Last Minute Defensive  - 0:00
Total
Forward - 60:00
Defense - 60:00

Play-by-Play

1st period


0:01 of 1st period - Carl Soderberg wins face-off versus Ryan O'Reilly in neutral zone.
0:13 of 1st period - Icing by Jeff Petry.
0:14 of 1st period - Radek Faksa wins face-off versus Ryan O'Reilly in EDMONTON ICE zone.
0:15 of 1st period - Shot by Andre Burakovsky.
0:15 of 1st period - Shot Misses the Net.
0:18 of 1st period - Icing by Colton Parayko.
0:19 of 1st period - Theodor Blueger wins face-off versus Anthony Mantha in EDMONTON ICE zone.
1:16 of 1st period - Anthony Mantha is hit by Ethan Prow.
1:32 of 1st period - Rasmus Andersson is hit by Timo Meier and loses puck.
1:47 of 1st period - Shot by Andre Burakovsky.
1:47 of 1st period - Deflect By Radek Faksa.
1:47 of 1st period - Shot Misses the Net.
1:49 of 1st period - Shot by Ivan Barbashev.
1:49 of 1st period - Shot Misses the Net.
1:51 of 1st period - Shot by Ivan Barbashev.
1:51 of 1st period - Deflect By Radek Faksa.
1:51 of 1st period - Shot Blocked by Ryan Graves.
1:53 of 1st period - Shot by Ivan Barbashev.
1:53 of 1st period - Stopped by Philipp Grubauer with a rebound.
2:11 of 1st period - Off-side.
2:12 of 1st period - Mikko Koivu wins face-off versus Zack Smith in neutral zone.
3:13 of 1st period - Shot by Ryan O'Reilly.
3:13 of 1st period - Shot Misses the Net.
3:15 of 1st period - Shot by Ryan O'Reilly.
3:15 of 1st period - Shot Misses the Net.
3:17 of 1st period - Shot by Ryan O'Reilly.
3:17 of 1st period - Stopped by Andrew Hammond with a rebound.
3:19 of 1st period - Shot by Jeff Petry.
3:19 of 1st period - Shot Misses the Net.
3:21 of 1st period - Shot by Anthony Mantha.
3:21 of 1st period - Deflect By Patric Hornqvist.
3:21 of 1st period - Shot Misses the Net.
3:23 of 1st period - Shot by Ryan O'Reilly.
3:23 of 1st period - Goal by Ryan O'Reilly - EDMONTON ICE : 1 - BOISE CARIBOUS : 0.
3:24 of 1st period - Vincent Trocheck wins face-off versus Dominik Kubalik in neutral zone.
3:30 of 1st period - Vincent Trocheck is hit by Rasmus Andersson and loses puck.
4:21 of 1st period - Minor Penalty to Radek Faksa for High sticking.
4:22 of 1st period - Ryan O'Reilly wins face-off versus Theodor Blueger in BOISE CARIBOUS zone.
5:01 of 1st period - Shot by Anthony Mantha.
5:01 of 1st period - Shot Misses the Net.
5:03 of 1st period - Shot by Ryan O'Reilly.
5:03 of 1st period - Stopped by Andrew Hammond without a rebound.
5:04 of 1st period - Theodor Blueger wins face-off versus Vincent Trocheck in BOISE CARIBOUS zone.
5:04 of 1st period - Theodor Blueger is hit by Vincent Trocheck.
6:05 of 1st period - Shot by Ryan O'Reilly.
6:05 of 1st period - Stopped by Andrew Hammond with a rebound.
6:19 of 1st period - Zack Smith is hit by Anthony Mantha and loses puck.
6:54 of 1st period - Shot by Boone Jenner.
6:54 of 1st period - Stopped by Andrew Hammond without a rebound.
6:55 of 1st period - Joel Eriksson Ek wins face-off versus Dominik Kubalik in BOISE CARIBOUS zone.
7:13 of 1st period - Icing by Ryan Graves.
7:14 of 1st period - Joel Eriksson Ek wins face-off versus T.J. Tynan in EDMONTON ICE zone.
7:26 of 1st period - Shot by Zack Smith.
7:26 of 1st period - Stopped by Philipp Grubauer without a rebound.
7:27 of 1st period - Ryan O'Reilly wins face-off versus Theodor Blueger in EDMONTON ICE zone.
7:36 of 1st period - Off-side.
7:37 of 1st period - Ryan O'Reilly wins face-off versus Carl Soderberg in neutral zone.
7:51 of 1st period - Shot by Dominik Kubalik.
7:51 of 1st period - Stopped by Philipp Grubauer without a rebound.
7:52 of 1st period - Theodor Blueger wins face-off versus Vincent Trocheck in EDMONTON ICE zone.
8:02 of 1st period - Icing by Ryan Graves.
8:03 of 1st period - Vincent Trocheck wins face-off versus Radek Faksa in EDMONTON ICE zone.
8:03 of 1st period - Vincent Trocheck is hit by Ivan Barbashev.
8:16 of 1st period - Minor Penalty to Brendan Smith for Tripping.
8:17 of 1st period - Ryan O'Reilly wins face-off versus Radek Faksa in BOISE CARIBOUS zone.
9:48 of 1st period - Shot by Colton Parayko.
9:48 of 1st period - Stopped by Andrew Hammond without a rebound.
9:49 of 1st period - Theodor Blueger wins face-off versus Anthony Mantha in BOISE CARIBOUS zone.
10:25 of 1st period - Shot by Zack Smith.
10:25 of 1st period - Stopped by Philipp Grubauer without a rebound.
10:26 of 1st period - Mikko Koivu wins face-off versus Carl Soderberg in EDMONTON ICE zone.
10:26 of 1st period - Mikko Koivu is hit by Tom Wilson.
11:01 of 1st period - Boone Jenner is hit by Tom Wilson.
11:08 of 1st period - Icing by Tom Wilson.
11:09 of 1st period - Vincent Trocheck wins face-off versus Carl Soderberg in BOISE CARIBOUS zone.
11:11 of 1st period - Timo Meier is hit by John Klingberg and loses puck.
11:17 of 1st period - Minor Penalty to Timo Meier for Hooking.
11:18 of 1st period - Boone Jenner wins face-off versus Radek Faksa in EDMONTON ICE zone.
11:45 of 1st period - Shot by Lawson Crouse.
11:45 of 1st period - Shot Blocked by Jack Johnson.
12:23 of 1st period - Shot by John Klingberg.
12:23 of 1st period - Stopped by Philipp Grubauer without a rebound.
12:24 of 1st period - Carl Soderberg wins face-off versus Boone Jenner in EDMONTON ICE zone.
12:31 of 1st period - Shot by Carl Soderberg.
12:31 of 1st period - Deflect By Tom Wilson.
12:31 of 1st period - Stopped by Philipp Grubauer without a rebound.
12:32 of 1st period - Carl Soderberg wins face-off versus Boone Jenner in EDMONTON ICE zone.
13:19 of 1st period - Icing by Ryan O'Reilly.
13:20 of 1st period - Zack Smith wins face-off versus Ryan O'Reilly in EDMONTON ICE zone.
13:57 of 1st period - Shot by Ryan O'Reilly.
13:57 of 1st period - Stopped by Andrew Hammond without a rebound.
13:58 of 1st period - Theodor Blueger wins face-off versus Vincent Trocheck in BOISE CARIBOUS zone.
14:14 of 1st period - Icing by Shea Theodore.
14:15 of 1st period - Vincent Trocheck wins face-off versus Radek Faksa in EDMONTON ICE zone.
14:26 of 1st period - Shot by Phil Kessel.
14:26 of 1st period - Shot Misses the Net.
15:49 of 1st period - Icing by Andre Burakovsky.
15:50 of 1st period - Radek Faksa wins face-off versus Mikko Koivu in BOISE CARIBOUS zone.
16:06 of 1st period - Icing by Ethan Prow.
16:07 of 1st period - Theodor Blueger wins face-off versus Joel Eriksson Ek in BOISE CARIBOUS zone.
16:57 of 1st period - Off-side.
16:58 of 1st period - Carl Soderberg wins face-off versus Ryan O'Reilly in neutral zone.
17:10 of 1st period - Shot by Carl Soderberg.
17:10 of 1st period - Shot Misses the Net.
17:12 of 1st period - Shot by Tom Wilson.
17:12 of 1st period - Shot Blocked by Colton Parayko.
17:25 of 1st period - Tom Wilson is hit by Jeff Petry and loses puck.
17:32 of 1st period - Shot by Carl Soderberg.
17:32 of 1st period - Stopped by Philipp Grubauer without a rebound.
17:33 of 1st period - Zack Smith wins face-off versus Mikko Koivu in EDMONTON ICE zone.
17:33 of 1st period - John Klingberg is hit by Anthony Bitetto and loses puck.
17:50 of 1st period - Shot by Zack Smith.
17:50 of 1st period - Shot Misses the Net.
17:52 of 1st period - Shot by T.J. Tynan.
17:52 of 1st period - Shot Misses the Net.
17:54 of 1st period - Shot by John Klingberg.
17:54 of 1st period - Shot Misses the Net.
18:07 of 1st period - Off-side.
18:08 of 1st period - Vincent Trocheck wins face-off versus Theodor Blueger in neutral zone.
18:26 of 1st period - Shot by Theodor Blueger.
18:26 of 1st period - Stopped by Philipp Grubauer with a rebound.
18:28 of 1st period - Shot by Theodor Blueger.
18:28 of 1st period - Shot Misses the Net.
18:30 of 1st period - Shot by Lawson Crouse.
18:30 of 1st period - Stopped by Philipp Grubauer without a rebound.
18:31 of 1st period - Ryan O'Reilly wins face-off versus Carl Soderberg in EDMONTON ICE zone.
18:31 of 1st period - Anthony Mantha is hit by Tom Wilson.
19:29 of 1st period - Colton Parayko is hit by Dominik Kubalik and loses puck.
19:42 of 1st period - Brendan Smith beats up Vincent Trocheck.
19:42 of 1st period - Penalty to Brendan Smith for Fighting.
19:42 of 1st period - Penalty to Vincent Trocheck for Fighting.
19:43 of 1st period - Radek Faksa wins face-off versus Mikko Koivu in BOISE CARIBOUS zone.
19:52 of 1st period - Shot by Radek Faksa.
19:52 of 1st period - Shot Misses the Net.
Goals for this period are 1 for EDMONTON ICE vs 0 for BOISE CARIBOUS.
Shots for this period are 7 for EDMONTON ICE vs 9 for BOISE CARIBOUS.

2nd period


0:01 of 2nd period - Joel Eriksson Ek wins face-off versus Radek Faksa in neutral zone.
0:03 of 2nd period - Off-side.
0:04 of 2nd period - Joel Eriksson Ek wins face-off versus Radek Faksa in neutral zone.
0:24 of 2nd period - Andre Burakovsky is hit by Jeff Petry and loses puck.
1:58 of 2nd period - Icing by Jack Johnson.
1:59 of 2nd period - Carl Soderberg wins face-off versus Ryan O'Reilly in EDMONTON ICE zone.
2:22 of 2nd period - Shot by Carl Soderberg.
2:22 of 2nd period - Stopped by Philipp Grubauer without a rebound.
2:23 of 2nd period - Zack Smith wins face-off versus Joel Eriksson Ek in EDMONTON ICE zone.
2:38 of 2nd period - Shot by Zack Smith.
2:38 of 2nd period - Stopped by Philipp Grubauer with a rebound.
2:40 of 2nd period - Shot by Zack Smith.
2:40 of 2nd period - Deflect By T.J. Tynan.
2:40 of 2nd period - Stopped by Philipp Grubauer without a rebound.
2:41 of 2nd period - Ondrej Kase wins face-off versus Carl Soderberg in EDMONTON ICE zone.
2:45 of 2nd period - Off-side.
2:46 of 2nd period - Joel Eriksson Ek wins face-off versus Tom Wilson in neutral zone.
3:08 of 2nd period - Minor Penalty to Phil Kessel for Tripping.
3:09 of 2nd period - Radek Faksa wins face-off versus Ondrej Kase in EDMONTON ICE zone.
3:25 of 2nd period - Shot by Lawson Crouse.
3:25 of 2nd period - Shot Blocked by Colton Parayko.
3:41 of 2nd period - Shot by Oskar Sundqvist.
3:41 of 2nd period - Shot Misses the Net.
4:06 of 2nd period - Shot by Tom Wilson.
4:06 of 2nd period - Stopped by Philipp Grubauer without a rebound.
4:07 of 2nd period - Carl Soderberg wins face-off versus Boone Jenner in EDMONTON ICE zone.
4:30 of 2nd period - Tom Wilson is hit by Boone Jenner and loses puck.
5:14 of 2nd period - Icing by Timo Meier.
5:15 of 2nd period - Zack Smith wins face-off versus Timo Meier in EDMONTON ICE zone.
5:35 of 2nd period - Icing by Zack Smith.
5:36 of 2nd period - Zack Smith wins face-off versus Ryan O'Reilly in BOISE CARIBOUS zone.
5:36 of 2nd period - Zack Smith is hit by Patric Hornqvist.
5:39 of 2nd period - Icing by Brendan Smith.
5:40 of 2nd period - Ryan O'Reilly wins face-off versus Zack Smith in BOISE CARIBOUS zone.
5:50 of 2nd period - Ryan O'Reilly is hit by Greg Pateryn and loses puck.
7:08 of 2nd period - Shot by Timo Meier.
7:08 of 2nd period - Shot Misses the Net.
7:23 of 2nd period - Icing by Colton Parayko.
7:24 of 2nd period - Radek Faksa wins face-off versus Timo Meier in EDMONTON ICE zone.
7:43 of 2nd period - Shot by Radek Faksa.
7:43 of 2nd period - Shot Hit the Post.
9:11 of 2nd period - Shot by Oskar Sundqvist.
9:11 of 2nd period - Stopped by Philipp Grubauer without a rebound.
9:12 of 2nd period - Patric Hornqvist wins face-off versus Theodor Blueger in EDMONTON ICE zone.
9:31 of 2nd period - Shot by Lawson Crouse.
9:31 of 2nd period - Shot Misses the Net.
9:55 of 2nd period - John Klingberg is hit by Patric Hornqvist and loses puck.
9:59 of 2nd period - Icing by Andre Burakovsky.
10:00 of 2nd period - Radek Faksa wins face-off versus Vincent Trocheck in BOISE CARIBOUS zone.
10:55 of 2nd period - Icing by Brendan Smith.
10:56 of 2nd period - Carl Soderberg wins face-off versus Anthony Mantha in BOISE CARIBOUS zone.
10:56 of 2nd period - Carl Soderberg is hit by Patric Hornqvist.
11:11 of 2nd period - Shot by Ryan O'Reilly.
11:11 of 2nd period - Shot Blocked by Brendan Smith.
12:19 of 2nd period - Shot by Ondrej Kase.
12:19 of 2nd period - Shot Misses the Net.
12:21 of 2nd period - Shot by Boone Jenner.
12:21 of 2nd period - Shot Misses the Net.
12:23 of 2nd period - Shot by Boone Jenner.
12:23 of 2nd period - Stopped by Andrew Hammond without a rebound.
12:24 of 2nd period - Vincent Trocheck wins face-off versus Theodor Blueger in BOISE CARIBOUS zone.
12:24 of 2nd period - Vincent Trocheck is hit by Rasmus Andersson.
13:02 of 2nd period - Shot by Timo Meier.
13:02 of 2nd period - Stopped by Andrew Hammond with a rebound.
13:04 of 2nd period - Shot by Timo Meier.
13:04 of 2nd period - Shot Misses the Net.
13:28 of 2nd period - Oskar Sundqvist is hit by Patric Hornqvist.
13:33 of 2nd period - Icing by Ryan Graves.
13:34 of 2nd period - Ryan O'Reilly wins face-off versus Radek Faksa in EDMONTON ICE zone.
13:34 of 2nd period - Ryan O'Reilly is hit by Ivan Barbashev.
13:48 of 2nd period - Shot by Anthony Mantha.
13:48 of 2nd period - Stopped by Andrew Hammond without a rebound.
13:49 of 2nd period - Mikko Koivu wins face-off versus Zack Smith in BOISE CARIBOUS zone.
13:56 of 2nd period - Shot by Boone Jenner.
13:56 of 2nd period - Shot Blocked by John Klingberg.
14:10 of 2nd period - Shot by Ondrej Kase.
14:10 of 2nd period - Stopped by Andrew Hammond without a rebound.
14:11 of 2nd period - Ryan O'Reilly wins face-off versus Radek Faksa in BOISE CARIBOUS zone.
14:30 of 2nd period - Shot by Ryan O'Reilly.
14:30 of 2nd period - Stopped by Andrew Hammond with a rebound.
14:32 of 2nd period - Shot by Anthony Mantha.
14:32 of 2nd period - Shot Hit the Post.
15:12 of 2nd period - Shot by Dominik Kubalik.
15:12 of 2nd period - Shot Blocked by Colton Parayko.
15:14 of 2nd period - Shot by Dominik Kubalik.
15:14 of 2nd period - Goal by Dominik Kubalik - EDMONTON ICE : 1 - BOISE CARIBOUS : 1.
15:15 of 2nd period - Vincent Trocheck wins face-off versus Theodor Blueger in neutral zone.
15:22 of 2nd period - Shot by Timo Meier.
15:22 of 2nd period - Stopped by Andrew Hammond with a rebound.
15:38 of 2nd period - Shot by Oskar Sundqvist.
15:38 of 2nd period - Stopped by Philipp Grubauer with a rebound.
16:06 of 2nd period - Shot by Carl Soderberg.
16:06 of 2nd period - Stopped by Philipp Grubauer without a rebound.
16:07 of 2nd period - Radek Faksa wins face-off versus Mikko Koivu in EDMONTON ICE zone.
16:11 of 2nd period - Andre Burakovsky is hit by Anthony Bitetto and loses puck.
16:17 of 2nd period - Ivan Barbashev is hit by Anthony Bitetto and loses puck.
16:25 of 2nd period - Boone Jenner is hit by Radek Faksa and loses puck.
16:38 of 2nd period - Shot by Andre Burakovsky.
16:38 of 2nd period - Deflect By Ivan Barbashev.
16:38 of 2nd period - Shot Blocked by Anthony Bitetto.
16:40 of 2nd period - Shot by Andre Burakovsky.
16:40 of 2nd period - Shot Misses the Net.
16:42 of 2nd period - Shot by John Klingberg.
16:42 of 2nd period - Stopped by Philipp Grubauer without a rebound.
16:43 of 2nd period - Carl Soderberg wins face-off versus Ryan O'Reilly in EDMONTON ICE zone.
16:57 of 2nd period - Ryan O'Reilly is hit by Ethan Prow.
17:08 of 2nd period - Off-side.
17:09 of 2nd period - Timo Meier wins face-off versus Theodor Blueger in neutral zone.
17:40 of 2nd period - Vincent Trocheck is hit by Greg Pateryn and loses puck.
17:47 of 2nd period - Shot by Timo Meier.
17:47 of 2nd period - Goal by Timo Meier - EDMONTON ICE : 2 - BOISE CARIBOUS : 1.
17:48 of 2nd period - Radek Faksa wins face-off versus Ryan O'Reilly in neutral zone.
18:21 of 2nd period - Minor Penalty to Ivan Barbashev for Hooking.
18:22 of 2nd period - Vincent Trocheck wins face-off versus Radek Faksa in BOISE CARIBOUS zone.
18:57 of 2nd period - Shot by Timo Meier.
18:57 of 2nd period - Stopped by Andrew Hammond without a rebound.
18:58 of 2nd period - Ryan O'Reilly wins face-off versus Theodor Blueger in BOISE CARIBOUS zone.
19:15 of 2nd period - Shot by Anthony Mantha.
19:15 of 2nd period - Shot Misses the Net.
Goals for this period are 1 for EDMONTON ICE vs 1 for BOISE CARIBOUS.
Shots for this period are 8 for EDMONTON ICE vs 9 for BOISE CARIBOUS.

3rd period


0:01 of 3rd period - Ryan O'Reilly wins face-off versus Radek Faksa in neutral zone.
0:29 of 3rd period - Shot by Ondrej Kase.
0:29 of 3rd period - Stopped by Andrew Hammond with a rebound.
0:47 of 3rd period - Shot by Tom Wilson.
0:47 of 3rd period - Shot Blocked by Colton Parayko.
0:49 of 3rd period - Shot by Rasmus Andersson.
0:49 of 3rd period - Shot Misses the Net.
0:51 of 3rd period - Shot by Tom Wilson.
0:51 of 3rd period - Stopped by Philipp Grubauer without a rebound.
0:52 of 3rd period - Ryan O'Reilly wins face-off versus Radek Faksa in EDMONTON ICE zone.
0:58 of 3rd period - Icing by Andre Burakovsky.
0:59 of 3rd period - Anthony Mantha wins face-off versus Radek Faksa in BOISE CARIBOUS zone.
1:02 of 3rd period - Shot by Ryan O'Reilly.
1:02 of 3rd period - Stopped by Andrew Hammond without a rebound.
1:03 of 3rd period - Carl Soderberg wins face-off versus Ryan O'Reilly in BOISE CARIBOUS zone.
1:16 of 3rd period - Shot by Tom Wilson.
1:16 of 3rd period - Shot Misses the Net.
1:19 of 3rd period - Icing by Ryan O'Reilly.
1:20 of 3rd period - Theodor Blueger wins face-off versus Ryan O'Reilly in EDMONTON ICE zone.
1:23 of 3rd period - Shot by Rasmus Andersson.
1:23 of 3rd period - Stopped by Philipp Grubauer with a rebound.
1:25 of 3rd period - Shot by Theodor Blueger.
1:25 of 3rd period - Stopped by Philipp Grubauer without a rebound.
1:26 of 3rd period - Radek Faksa wins face-off versus Vincent Trocheck in EDMONTON ICE zone.
1:43 of 3rd period - Shot by Vincent Trocheck.
1:43 of 3rd period - Shot Misses the Net.
1:45 of 3rd period - Shot by Vincent Trocheck.
1:45 of 3rd period - Shot Misses the Net.
2:09 of 3rd period - Shot by Vincent Trocheck.
2:09 of 3rd period - Stopped by Andrew Hammond without a rebound.
2:10 of 3rd period - Ryan O'Reilly wins face-off versus Lawson Crouse in BOISE CARIBOUS zone.
2:13 of 3rd period - Shot by Patric Hornqvist.
2:13 of 3rd period - Stopped by Andrew Hammond with a rebound.
2:25 of 3rd period - Shot by Lawson Crouse.
2:25 of 3rd period - Deflect By Oskar Sundqvist.
2:25 of 3rd period - Stopped by Philipp Grubauer without a rebound.
2:26 of 3rd period - Mikko Koivu wins face-off versus Carl Soderberg in EDMONTON ICE zone.
2:58 of 3rd period - Shot by Ondrej Kase.
2:58 of 3rd period - Stopped by Andrew Hammond with a rebound.
3:23 of 3rd period - Off-side.
3:24 of 3rd period - Ryan O'Reilly wins face-off versus Lawson Crouse in neutral zone.
3:58 of 3rd period - Shot by Anthony Mantha.
3:58 of 3rd period - Shot Misses the Net.
4:00 of 3rd period - Shot by Anthony Mantha.
4:00 of 3rd period - Shot Misses the Net.
4:02 of 3rd period - Shot by Anthony Mantha.
4:02 of 3rd period - Shot Misses the Net.
4:52 of 3rd period - Jeff Petry is hit by Ivan Barbashev and loses puck.
6:06 of 3rd period - Tom Wilson is hit by Anthony Bitetto and loses puck.
6:14 of 3rd period - Icing by Dominik Kubalik.
6:15 of 3rd period - Carl Soderberg wins face-off versus Ryan O'Reilly in BOISE CARIBOUS zone.
6:33 of 3rd period - Off-side.
6:34 of 3rd period - Joel Eriksson Ek wins face-off versus Theodor Blueger in neutral zone.
6:36 of 3rd period - Timo Meier is hit by Ethan Prow and loses puck.
6:55 of 3rd period - Shot by Theodor Blueger.
6:55 of 3rd period - Stopped by Philipp Grubauer without a rebound.
6:56 of 3rd period - Radek Faksa wins face-off versus Ryan O'Reilly in EDMONTON ICE zone.
7:28 of 3rd period - Icing by John Klingberg.
7:29 of 3rd period - Radek Faksa wins face-off versus Vincent Trocheck in BOISE CARIBOUS zone.
7:48 of 3rd period - Shot by Andre Burakovsky.
7:48 of 3rd period - Stopped by Philipp Grubauer without a rebound.
7:49 of 3rd period - Mikko Koivu wins face-off versus Carl Soderberg in EDMONTON ICE zone.
8:42 of 3rd period - Icing by Ondrej Kase.
8:43 of 3rd period - Boone Jenner wins face-off versus Theodor Blueger in EDMONTON ICE zone.
9:15 of 3rd period - Icing by Colton Parayko.
9:16 of 3rd period - Vincent Trocheck wins face-off versus Radek Faksa in EDMONTON ICE zone.
9:30 of 3rd period - Off-side.
9:31 of 3rd period - Carl Soderberg wins face-off versus Anthony Mantha in neutral zone.
9:34 of 3rd period - Shot by Tom Wilson.
9:34 of 3rd period - Shot Misses the Net.
9:41 of 3rd period - Patric Hornqvist is hit by Rasmus Andersson and loses puck.
10:03 of 3rd period - Off-side.
10:04 of 3rd period - Vincent Trocheck wins face-off versus Radek Faksa in neutral zone.
10:29 of 3rd period - Icing by John Klingberg.
10:30 of 3rd period - Mikko Koivu wins face-off versus Ivan Barbashev in BOISE CARIBOUS zone.
10:30 of 3rd period - Mikko Koivu is hit by Matt Bartkowski.
10:57 of 3rd period - Shot by Radek Faksa.
10:57 of 3rd period - Shot Blocked by Boone Jenner.
11:37 of 3rd period - Icing by Ryan Graves.
11:38 of 3rd period - Mikko Koivu wins face-off versus Carl Soderberg in EDMONTON ICE zone.
11:38 of 3rd period - Mikko Koivu is hit by Tom Wilson.
11:56 of 3rd period - Icing by Carl Soderberg.
11:57 of 3rd period - Carl Soderberg wins face-off versus Ryan O'Reilly in BOISE CARIBOUS zone.
12:17 of 3rd period - Patric Hornqvist is hit by Brendan Smith and loses puck.
12:58 of 3rd period - Vincent Trocheck is hit by Brendan Smith and loses puck.
13:08 of 3rd period - Vincent Trocheck is hit by Brendan Smith and loses puck.
13:23 of 3rd period - Shot by Vincent Trocheck.
13:23 of 3rd period - Stopped by Andrew Hammond without a rebound.
13:24 of 3rd period - Mikko Koivu wins face-off versus Ivan Barbashev in BOISE CARIBOUS zone.
13:39 of 3rd period - Shot by Boone Jenner.
13:39 of 3rd period - Stopped by Andrew Hammond with a rebound.
13:43 of 3rd period - Shot by Boone Jenner.
13:43 of 3rd period - Goal by Boone Jenner - EDMONTON ICE : 3 - BOISE CARIBOUS : 1.
13:44 of 3rd period - Joel Eriksson Ek wins face-off versus Theodor Blueger in neutral zone.
13:53 of 3rd period - Shot by Timo Meier.
13:53 of 3rd period - Stopped by Andrew Hammond without a rebound.
13:54 of 3rd period - Radek Faksa wins face-off versus Ryan O'Reilly in BOISE CARIBOUS zone.
13:54 of 3rd period - Radek Faksa is hit by Patric Hornqvist.
14:06 of 3rd period - Shot by Ryan O'Reilly.
14:06 of 3rd period - Stopped by Andrew Hammond with a rebound.
14:08 of 3rd period - Shot by Ryan O'Reilly.
14:08 of 3rd period - Stopped by Andrew Hammond without a rebound.
14:09 of 3rd period - Vincent Trocheck wins face-off versus Theodor Blueger in BOISE CARIBOUS zone.
14:20 of 3rd period - Vincent Trocheck is hit by Matt Bartkowski and loses puck.
14:48 of 3rd period - Shot by Theodor Blueger.
14:48 of 3rd period - Shot Misses the Net.
14:50 of 3rd period - Shot by John Klingberg.
14:50 of 3rd period - Shot Blocked by Colton Parayko.
14:52 of 3rd period - Shot by Lawson Crouse.
14:52 of 3rd period - Shot Blocked by Colton Parayko.
17:14 of 3rd period - Shot by Timo Meier.
17:14 of 3rd period - Shot Blocked by Tom Wilson.
17:16 of 3rd period - Shot by Jeff Petry.
17:16 of 3rd period - Shot Misses the Net.
17:28 of 3rd period - Shot by Timo Meier.
17:28 of 3rd period - Shot Misses the Net.
17:30 of 3rd period - Shot by Joel Eriksson Ek.
17:30 of 3rd period - Shot Blocked by Rasmus Andersson.
17:50 of 3rd period - Carl Soderberg is hit by Patric Hornqvist and loses puck.
17:59 of 3rd period - Shot by Ryan O'Reilly.
17:59 of 3rd period - Stopped by Andrew Hammond without a rebound.
18:00 of 3rd period - Mikko Koivu wins face-off versus Theodor Blueger in BOISE CARIBOUS zone.
18:22 of 3rd period - Lawson Crouse is hit by Shea Theodore.
19:55 of 3rd period - Shot by Timo Meier.
19:55 of 3rd period - Stopped by Andrew Hammond without a rebound.
19:56 of 3rd period - Mikko Koivu wins face-off versus Zack Smith in BOISE CARIBOUS zone.
Goals for this period are 1 for EDMONTON ICE vs 0 for BOISE CARIBOUS.
Shots for this period are 13 for EDMONTON ICE vs 6 for BOISE CARIBOUS.


JOHNNY
GAUDREAU
MATTHEW
BOLDY
OWEN
TIPPETT

EAST COAST

HOCKEY LEAGUE

  • 29.PIT6MAN7
  • 30.ATL6NHW2
  • 31.WOR4PET3
  • 32.3RHI4
  • 33.CHIQUE
  • 34.LIMCHA
  • 35.LONTRV
  • 36.BALCHW